Map: Dusk Towers

Players

Fropez

  • Race: Protoss Protoss
  • League: Silver
  • Spawn Location: 1:00

Knives - Winner!

  • Race: Protoss Protoss
  • League: Silver
  • Spawn Location: 7:00

VOD

Have the link to the VOD?

Description

Time

  • Played on: July 9, 2016, 11:35 a.m.
  • Length: 12:19
Show
View Real Time Build Order
Export as new Build Order

Fropez Protoss 

Build Orders: Nexus First 

Get SALT Encoding   

  12  0:00  Probe (Chrono Boost)  
  13  0:18  Pylon  
  13  0:47  Nexus  
  13  0:51  Probe (Chrono Boost)  
  14  1:01  Probe (Chrono Boost)  
  15  1:13  Gateway  
  15  1:15  Probe (Chrono Boost)  
  16  1:26  Gateway  
  16  1:30  Gateway  
  16  1:42  Probe (Chrono Boost)  
  17  1:53  Probe (Chrono Boost)  
  18  1:55  Pylon  
  18  1:57  Assimilator  
  18  2:03  Probe (Chrono Boost)  
  19  2:15  Cybernetics Core  
  19  2:16  Probe (Chrono Boost)  
  19  2:18  Probe (Chrono Boost)  
  19  2:19  Assimilator  
  21  2:27  Probe (Chrono Boost)  
  22  2:31  Probe (Chrono Boost)  
  23  2:39  Probe (Chrono Boost)  
  24  2:46  Probe (Chrono Boost)  
  25  2:52  Stalker x2  
  25  2:54  Probe (Chrono Boost)  
  30  3:02  Warp Gate (Chrono Boost)  
  30  3:03  Probe (Chrono Boost)  
  31  3:07  Pylon  
  31  3:08  Probe (Chrono Boost)  
  32  3:16  Probe (Chrono Boost)  
  33  3:24  Pylon  
  33  3:26  Probe  
  34  3:27  Assimilator  
  34  3:31  Probe  
  35  3:37  Stalker  
  35  3:39  Mothership Core  
  39  3:42  Stalker  
  41  3:51  Probe, Forge  
  42  4:02  Gateway  
  42  4:06  Pylon  
  42  4:07  Probe  
  42  4:08  Probe  
  43  4:15  Pylon  
  44  4:32  Probe  
  44  4:34  Probe  
  46  4:47  Probe  
  46  4:48  Protoss Ground Weapons Level 1 (Chrono Boost)  
  47  4:54  Twilight Council  
  47  4:57  Photon Cannon  
  45  5:04  Gateway  
  45  5:08  Photon Cannon  
  45  5:09  Pylon  
  45  5:11  Probe  
  45  5:13  Probe  
  47  5:14  Stalker  
  47  5:17  Pylon  
  47  5:19  Stalker  
  47  5:21  Stalker  
  53  5:23  Probe  
  53  5:26  Probe  
  55  5:29  Assimilator  
  55  5:35  Probe  
  55  5:37  Blink (Chrono Boost)  
  56  5:44  Probe  
  56  5:46  Gateway  
  57  6:00  Stalker x3  
  57  6:01  Stalker  
  65  6:17  Forge  
  65  6:20  Probe  
  65  6:22  Probe  
  65  6:23  Stargate  
  68  6:32  Probe  
  68  6:34  Probe, Stalker  
  68  6:36  Stalker  
  73  6:45  Pylon, Probe  
  74  6:55  Protoss Ground Weapons Level 2 (Chrono Boost)  
  74  6:56  Protoss Ground Armor Level 1 (Chrono Boost)  
  74  6:58  Nexus  
  74  6:59  Probe  
  74  7:00  Pylon, Probe  
  76  7:11  Photon Cannon  
  76  7:15  Gateway  
  76  7:17  Gateway  
  76  7:18  Gateway  
  76  7:22  Pylon  
  76  7:24  Photon Cannon  
  76  7:25  Probe  
  76  7:28  Probe  
  78  7:32  Pylon  
  78  7:37  Probe  
  79  7:44  Probe, Photon Cannon  
  79  7:49  Probe  
  81  7:51  Stalker x3  
  81  7:52  Stalker  
  81  7:56  Probe  
  90  8:03  Probe  
  91  8:13  Phoenix  
  93  8:27  Pylon, Assimilator, Robotics Facility  
  93  8:30  Protoss Ground Armor Level 2 (Chrono Boost)  
  93  8:31  Assimilator  
  93  8:38  Phoenix (Chrono Boost)  
  95  8:53  Stalker  
  95  8:54  Stalker x4  
  95  8:55  Stalker x3  
  111  9:01  Probe  
  111  9:02  Phoenix (Chrono Boost)  
  114  9:04  Probe  
  115  9:20  Probe x2  
  115  9:22  Observer (Chrono Boost)  
  115  9:23  Phoenix (Chrono Boost)  
  120  9:26  Probe  
  121  9:32  Probe  
  121  9:34  Probe  
  123  9:42  Robotics Bay, Observer (Chrono Boost)  
  123  9:44  Protoss Air Weapons Level 1  
  124  9:47  Phoenix  
  126  9:59  Probe  
  127  10:09  Probe x2  
  127  10:11  Zealot x4  
  127  10:12  Zealot x4  
  74  11:32  Stalker x5  
Show
View Real Time Build Order
Export as new Build Order

Knives Protoss - Winner!

Build Orders: 1 Gate Expand 

Get SALT Encoding   

  12  0:01  Probe (Chrono Boost)  
  13  0:11  Probe (Chrono Boost)  
  14  0:18  Pylon  
  14  0:23  Probe (Chrono Boost)  
  15  0:36  Probe (Chrono Boost)  
  15  0:37  Assimilator  
  16  0:45  Gateway  
  16  0:52  Probe (Chrono Boost)  
  17  1:02  Probe (Chrono Boost)  
  18  1:13  Probe (Chrono Boost)  
  19  1:21  Pylon  
  19  1:23  Probe (Chrono Boost)  
  20  1:37  Nexus  
  20  1:50  Probe (Chrono Boost)  
  21  1:54  Assimilator  
  21  1:59  Cybernetics Core  
  21  2:01  Probe (Chrono Boost)  
  21  2:11  Probe (Chrono Boost)  
  22  2:22  Probe (Chrono Boost)  
  23  2:31  Gateway  
  23  2:33  Gateway  
  23  2:34  Warp Gate (Chrono Boost)  
  23  2:40  Adept  
  25  2:52  Probe  
  25  2:53  Probe  
  27  3:02  Probe  
  27  3:05  Probe  
  29  3:12  Twilight Council  
  29  3:15  Adept  
  29  3:19  Sentry  
  33  3:22  Sentry  
  33  3:26  Probe  
  35  3:27  Probe  
  37  3:39  Pylon, Probe  
  37  3:40  Probe  
  39  3:51  Resonating Glaives (Chrono Boost)  
  39  3:52  Mothership Core  
  39  3:55  Probe  
  42  4:07  Probe  
  43  4:13  Probe  
  44  4:21  Probe  
  45  4:25  Probe  
  45  4:50  Probe x2  
  47  4:55  Nexus  
  47  4:57  Pylon  
  47  5:01  Pylon  
  47  5:02  Probe  
  47  5:04  Sentry  
  51  5:07  Probe  
  52  5:14  Probe, Forge  
  52  5:16  Forge  
  52  5:20  Stalker x2  
  56  5:27  Probe  
  57  5:30  Probe  
  57  5:34  Pylon  
  58  5:38  Adept, Charge (Chrono Boost)  
  58  5:39  Probe  
  58  5:42  Probe  
  62  5:47  Gateway  
  62  5:48  Protoss Ground Weapons Level 1  
  62  5:49  Protoss Ground Armor Level 1  
  62  5:50  Gateway  
  62  5:51  Zealot x2  
  62  5:52  Gateway  
  62  5:53  Probe  
  62  5:54  Probe  
  68  6:02  Pylon  
  68  6:05  Probe  
  68  6:06  Probe, Assimilator  
  68  6:10  Assimilator  
  68  6:15  Sentry  
  68  6:16  Zealot x2  
  68  6:17  Probe  
  75  6:23  Probe  
  75  6:25  Probe  
  77  6:27  Assimilator  
  77  6:29  Probe  
  77  6:31  Assimilator  
  78  6:34  Probe  
  78  6:37  Probe  
  80  6:41  Probe  
  80  6:47  Probe  
  81  6:48  Gateway  
  81  6:49  Probe  
  81  6:50  Gateway  
  81  6:53  Robotics Facility  
  83  6:54  Probe  
  83  6:57  Photon Cannon  
  84  7:02  Probe  
  84  7:04  Probe  
  84  7:07  Zealot  
  84  7:08  Zealot  
  90  7:09  Adept x2  
  90  7:10  Adept  
  90  7:12  Probe  
  97  7:18  Probe  
  97  7:20  Probe  
  97  7:21  Templar Archives  
  99  7:24  Probe  
  100  7:37  Protoss Ground Armor Level 2 (Chrono Boost)  
  100  7:40  Pylon  
  100  7:44  Pylon  
  100  7:50  Probe, Psionic Storm  
  101  7:52  Pylon  
  101  7:54  Protoss Ground Weapons Level 2 (Chrono Boost)  
  101  7:58  Probe x2  
  103  8:03  Pylon  
  103  8:07  Zealot x2  
  103  8:08  Zealot x3  
  103  8:09  Zealot  
  103  8:10  Pylon  
  103  8:11  High Templar x2  
  119  8:15  Archon  
  119  8:20  Probe x3  
  122  8:29  Observer  
  122  8:32  Pylon, Probe  
  124  8:40  Pylon  
  124  8:41  Probe  
  124  8:42  Probe  
  124  8:44  High Templar x3  
  124  8:45  Zealot  
  124  8:46  Zealot x3  
  140  8:48  Probe  
  140  8:53  Pylon, Probe  
  142  8:59  Zealot  
  144  9:03  Immortal  
  148  9:10  Nexus  
  148  9:25  Pylon  
  148  9:26  Zealot x2  
  148  9:27  High Templar, Zealot  
  148  9:29  Pylon  
  156  9:32  Pylon  
  156  9:33  Pylon  
  156  9:34  Probe  
  157  9:40  Pylon  
  157  9:43  Probe x2  
  157  9:44  Pylon  
  159  9:48  Pylon, Probe  
  159  9:52  High Templar  
  162  9:53  High Templar  
  162  9:54  High Templar x2  
  162  9:55  Probe x2  
  162  9:56  Zealot x3  
  176  10:00  Probe  
  177  10:07  Probe  
  177  10:09  Immortal  
  177  10:11  Zealot  
  184  10:21  High Templar  
  184  10:22  Zealot  
  184  10:23  Zealot  
  184  10:42  Zealot  
  184  10:43  Zealot x5  
  184  10:44  Zealot  
  188  11:00  Zealot  
  168  11:22  Stalker  
  168  11:23  Zealot x3  
  168  11:24  Zealot x3  
  168  11:25  Zealot  
  176  11:33  Probe x2  
  174  11:40  Probe, Gateway  
  174  11:41  Gateway  
  174  11:44  Gateway  
  174  11:45  Probe  
  174  11:46  Gateway  
  172  11:48  Gateway  
  168  12:15  High Templar  
  168  12:16  High Templar x5  
  168  12:17  High Templar x2  
Tags
 
Add a new tag
Caveats
  • Supply blocks, unpowered buildings, or Contaminate may cause inaccurate times.
  • Supply counts are checked every 10 seconds.